 Dungeon Crawl Stone Soup version 0.18-a0-1171-ga8e22e7 (console) character file.

6307 FoCheiMinh the Destroyer (level 11, -8/75 HPs)
             Began as a Formicid Fire Elementalist on Jan 26, 2016.
             Was a Priest of Cheibriados.
             Mangled by an orc warrior
             ... wielding a cursed +0 hand axe
              (14 damage)
             ... in a bailey on Jan 27, 2016.
             The game lasted 01:06:02 (10734 turns).

FoCheiMinh the Destroyer (FoFE)                    Turns: 10734, Time: 01:06:02

Health: -8/75      AC:  9    Str: 25    XL:     11   Next: 16%
Magic:  21/32      EV: 21    Int: 32    God:    Cheibriados [***...]
Gold:   436        SH:  0    Dex: 24    Spells: 5 memorised, 9 levels left

rFire  + . .     SeeInvis +     a - +0 dagger (protect)
rCold  + . .     Gourm    +     d - +1 leather armour of Creativity {*Contam rElec rPois} (curse)
rNeg   . . .     Faith    .     (no shield)
rPois  +         Spirit   .     (helmet unavailable)
rElec  +         Dismiss  .     (no cloak)
rCorr  +         Reflect  .     (no gloves)
SustAt .         Harm     .     (no boots)
MR     +....                    t - amulet of the Ego {Gourm +Blink +Inv Slay+2}
Stlth  +++.......               u - ring of wizardry
                                o - ring of magical power

@: mighty, brilliant, agile, resistant (expiring), flying, very slow, somewhat
resistant to hostile enchantments, fairly stealthy
A: permanent stasis, dig shafts and tunnels, four strong arms, antennae 3
a: Dig, Shaft Self, Bend Time, Temporal Distortion, Renounce Religion, Evoke
Invisibility


You were in a bailey.
You worshipped Cheibriados.
Cheibriados was most pleased with you.
You were very full.

You visited 2 branches of the dungeon, and saw 10 of its levels.
You also visited: Bailey.

You collected 436 gold pieces.

Inventory:

Hand Weapons
 a - a +0 dagger of protection (weapon)
 b - a +2 whip of freezing
 e - a +0 war axe
 J - a +0 trident
Missiles
 f - 280 stones
 p - 9 javelins (quivered)
 v - 10 tomahawks
Armour
 d - the cursed +1 leather armour of Creativity (worn) {*Contam rElec rPois}
   (You found it on level 6 of the Dungeon)

   It insulates you from electricity.
   It protects you from poison.
   It causes magical contamination when unequipped.
   It has a curse placed upon it.
Jewellery
 o - a ring of magical power (left hand)
 t - the amulet of the Ego (around neck) {Gourm +Blink +Inv Slay+2}
   (You took it off a crimson imp on level 6 of the Dungeon)

   [amulet of the gourmand]

   It allows you to eat raw meat even when not hungry.
   It affects your accuracy and damage with ranged weapons and melee attacks
   (+2).
   It lets you turn invisible.
   It lets you blink.
 u - a ring of wizardry (right hand)
 y - an uncursed amulet of guardian spirit
 A - an uncursed ring of sustain attributes {unknown}
Wands
 r - a wand of slowing (19/48)
 N - a wand of cold (7/15)
 X - a wand of frost (20/48)
Scrolls
 h - 11 scrolls of identify
 m - a scroll of fog
 B - a scroll of amnesia
 O - a scroll of magic mapping
 U - 3 scrolls of remove curse {unknown}
Potions
 k - a potion of flight
 C - 2 potions of might
 Q - 4 potions of resistance
Books
 g - a book of Conjurations

   Spells                             Type                      Level
   a - Magic Dart                     Conjuration                  1
   b - Searing Ray                    Conjuration                  2
   c - Dazzling Spray                 Conjuration/Hexes            3
   d - Fulminant Prism                Conjuration/Hexes            4
   e - Iskenderun's Mystic Blast      Conjuration                  4
   f - Iskenderun's Battlesphere      Conjuration/Charms           5
 E - a book of Conjurations

   Spells                             Type                      Level
   a - Magic Dart                     Conjuration                  1
   b - Searing Ray                    Conjuration                  2
   c - Dazzling Spray                 Conjuration/Hexes            3
   d - Fulminant Prism                Conjuration/Hexes            4
   e - Iskenderun's Mystic Blast      Conjuration                  4
   f - Iskenderun's Battlesphere      Conjuration/Charms           5
 F - a book of Annihilations

   Spells                             Type                      Level
   a - Poison Arrow                   Conjuration/Poison           6
   b - Chain Lightning                Conjuration/Air              8
   c - Lehudib's Crystal Spear        Conjuration/Earth            8
   d - Glaciate                       Conjuration/Ice              9
   e - Fire Storm                     Conjuration/Fire             9
 H - a book of Changes

   Spells                             Type                      Level
   a - Beastly Appendage              Transmutation                1
   b - Sticks to Snakes               Transmutation                2
   c - Spider Form                    Transmutation/Poison         3
   d - Ice Form                       Ice/Transmutation            4
   e - Blade Hands                    Transmutation                5
 M - a book of Flames

   Spells                             Type                      Level
   a - Flame Tongue                   Conjuration/Fire             1
   b - Throw Flame                    Conjuration/Fire             2
   c - Conjure Flame                  Conjuration/Fire             3
   d - Inner Flame                    Hexes/Fire                   3
   e - Sticky Flame                   Conjuration/Fire             4
   f - Fireball                       Conjuration/Fire             5
 Y - Hozogeg's Compendium of Glacial Black Arts
   (You found it on level 8 of the Dungeon)

   Spells                             Type                      Level
   a - Corpse Rot                     Necromancy                   2
   b - Sublimation of Blood           Necromancy                   2
   c - Ice Form                       Ice/Transmutation            4
   d - Simulacrum                     Ice/Necromancy               6
   e - Death Channel                  Necromancy                   6
Comestibles
 c - 3 bread rations
 j - 2 chunks of flesh
 x - 5 meat rations
 z - 11 royal jellies
 P - 7 beef jerkies
 S - 2 slices of pizza


   Skills:
 * Level 3.4 Fighting
 * Level 4.3 Armour
 * Level 4.2 Dodging
 - Level 2.4 Stealth
 + Level 8.0 Spellcasting
 * Level 8.5 Conjurations
 + Level 7.2 Fire Magic
 * Level 6.1 Invocations


You had 9 spell levels left.
You knew the following spells:

 Your Spells              Type           Power        Failure   Level  Hunger
a - Flame Tongue          Conj/Fire      #####        1%          1    None
b - Fireball              Conj/Fire      ######....   1%          5    ####...
f - Conjure Flame         Conj/Fire      ######..     1%          3    None
m - Iskenderun's Mystic   Conj           ######..     1%          4    None
s - Sticky Flame          Conj/Fire      ######..     1%          4    None


Dungeon Overview and Level Annotations

Branches:
Dungeon (9/15)             Temple (1/1) D:4
   Lair: D:8-11         Orc: D:9-12

Altars:
Ashenzari
Cheibriados
Dithmenos
Elyvilon
Fedhas
Gozag
Kikubaaqudgha
Makhleb
Nemelex Xobeh
Pakellas
Qazlal
Trog
Xom
Yredelemnul
Zin
The Shining One
Lugonu

Annotations:
D:4 Grimpse's ghost, amateur DDFi


Innate Abilities, Weirdness & Mutations

You are under a permanent stasis effect.
You can dig through walls and to a lower floor.
Your four strong arms can wield two-handed weapons with a shield.
You have a pair of large antennae on your head (SInv).


Message History

Drink which item? (? for menu, Esc to quit)
You feel better.
You puncture the orc warrior!
The orc warrior is moderately wounded.
The orc warrior closely misses you.
You barely miss the orc warrior.
The orc warrior is moderately wounded.
The orc warrior barely misses you.
You barely miss the orc warrior.
The orc warrior is moderately wounded.
You start to feel less resistant.
The orc warrior hits you with an enchanted hand axe!
* * * LOW HITPOINT WARNING * * *
You closely miss the orc warrior.
The orc warrior is moderately wounded.
The orc warrior misses you.
You closely miss the orc warrior.
The orc warrior is moderately wounded.
The orc warrior hits you with an enchanted hand axe!
You die...

#≈≈≈≈≈# #+####### #≈≈≈≈≈#
{o#)......# {{#≈≈≈≈≈#
.'.8.8.8.# #≈≈≈≈≈#
#.).....######≈≈≈≈≈#
#....#))....#.≈≈≈≈≈≈#
%%#....#......#.≈≈≈≈≈.#####
..#....#####)'#.≈≈≈≈≈......
..#(... #.@o).#.≈≈≈≈≈......
# #.... #)))..)............
#._o. #))⌠.[[..........∩.
#.... #.....[............
#.....#.≈≈≈≈≈......
####''#.≈≈≈≈≈......
...#.≈≈≈≈≈.#####
..#.≈≈≈≈≈≈# ####≈≈≈≈≈#


You could see an orc warrior.

Vanquished Creatures
  2 orc knights (Bailey)
  Pikel (D:6)
  2 orc sorcerers (Bailey)
  Grinder (D:5)
  Sigmund (D:5)
  3 hippogriffs
  A steam dragon (D:8)
  Edmund (D:5)
  Menkaure (D:6)
  A soldier ant (D:8)
  4 orc warriors (Bailey)
  2 ice beasts
  A black bear (D:6)
  A wasp (D:8)
  4 slaves (D:6)
  4 ogres
  A necrophage (D:9)
  A sky beast (D:6)
  2 centaurs (D:5)
  Blork the orc (D:5)
  4 giant frogs
  4 wights (D:8)
  3 electric eels (Bailey)
  3 crimson imps
  A giant frog zombie (D:5)
  2 hounds (D:6)
  3 orc priests (D:8)
  A centaur skeleton (D:9)
  3 orc wizards
  4 iguanas
  5 worker ants
  A killer bee zombie (D:6)
  A hound zombie (D:7)
  2 worker ant zombies
  2 gnolls (Bailey)
  13 adders
  2 shadow imps
  An ooze (D:1)
  An adder skeleton (D:4)
  An adder zombie (D:7)
  2 worms
  6 giant geckos
  12 orcs
  6 giant cockroaches
  24 goblins
  12 hobgoblins
  11 jackals
  5 kobolds
  5 quokkas
  2 ball pythons
  4 bats
  2 giant gecko skeletons (D:4)
  5 giant newts
  A jackal skeleton (D:4)
  2 rats
191 creatures vanquished.

Vanquished Creatures (others)
  A gnoll (Bailey)
1 creature vanquished.

Grand Total: 192 creatures vanquished

Notes
Turn   | Place    | Note
--------------------------------------------------------------
     0 | D:1      | FoCheiMinh the Formicid Fire Elementalist began the quest for the Orb.
     0 | D:1      | Reached XP level 1. HP: 13/13 MP: 3/3
   187 | D:1      | Reached skill level 1 in Conjurations
   325 | D:1      | Reached XP level 2. HP: 19/19 MP: 3/5
   793 | D:1      | Reached XP level 3. HP: 24/24 MP: 1/6
  1519 | D:2      | Learned a level 3 spell: Conjure Flame
  1550 | D:2      | Reached XP level 4. HP: 30/30 MP: 8/8
  1696 | D:2      | Found a sparkling altar of Nemelex Xobeh.
  1956 | D:3      | Learned a level 4 spell: Sticky Flame
  2119 | D:3      | Reached skill level 4 in Fire Magic
  2119 | D:3      | Reached XP level 5. HP: 35/35 MP: 10/10
  2174 | D:3      | Noticed a giant frog
  2184 | D:3      | Killed a giant frog
  2271 | D:3      | Found a stormy altar of Qazlal.
  2418 | D:3      | Reached XP level 6. HP: 37/41 MP: 11/11
  2837 | D:3      | Found a shimmering altar of Xom.
  3494 | D:4      | Noticed Grimpse's ghost (amateur DDFi)
  3677 | D:4      | Found a staircase to the Ecumenical Temple.
  3709 | Temple   | Entered the Ecumenical Temple
  3857 | Temple   | Became a worshipper of Cheibriados the Contemplative
  4238 | D:5      | Entered Level 5 of the Dungeon
  4238 | D:5      | Noticed Edmund
  4449 | D:5      | Noticed Grinder
  4462 | D:5      | Killed Grinder
  4462 | D:5      | Reached XP level 7. HP: 30/46 MP: 10/14
  4803 | D:5      | Found a shadowy altar of Dithmenos.
  4832 | D:5      | Reached skill level 5 in Fire Magic
  5015 | D:5      | Reached skill level 5 in Spellcasting
  5390 | D:4      | Learned a level 4 spell: Iskenderun's Mystic Blast
  5475 | D:5      | Reached * piety under Cheibriados
  5494 | D:5      | Noticed Sigmund
  5498 | D:5      | Reached XP level 8. HP: 46/52 MP: 15/15
  5502 | D:5      | Killed Sigmund
  5502 | D:5      | Reached skill level 5 in Conjurations
  5502 | D:5      | Reached skill level 1 in Invocations
  5643 | D:5      | Noticed Blork the orc
  5651 | D:5      | Killed Blork the orc
  5896 | D:5      | Killed Edmund
  6161 | D:6      | Noticed Pikel
  6457 | D:6      | Learned a level 5 spell: Fireball
  6656 | D:6      | Killed Pikel
  6656 | D:6      | Reached skill level 6 in Spellcasting
  6656 | D:6      | Reached XP level 9. HP: 57/57 MP: 8/18
  6831 | D:6      | Noticed Menkaure
  6873 | D:6      | Got a heavily runed iron amulet
  6874 | D:6      | Identified the amulet of the Ego {Gourm +Blink +Inv Slay+2} (You took it off a crimson imp on level 6 of the Dungeon)
  6991 | D:6      | Reached ** piety under Cheibriados
  7427 | D:6      | Killed Menkaure
  7427 | D:6      | Reached skill level 7 in Spellcasting
  7433 | D:6      | Got a distressingly furry leather armour
  7444 | D:6      | Identified the cursed +1 leather armour of Creativity {*Contam rElec rPois} (You found it on level 6 of the Dungeon)
  8121 | D:7      | Reached skill level 1 in Fighting
  8793 | D:8      | Reached skill level 1 in Armour
  8793 | D:8      | Reached XP level 10. HP: 57/66 MP: 20/20
  8840 | D:8      | Noticed an orange demon
  8867 | D:8      | Reached *** piety under Cheibriados
  8959 | D:8      | Noticed a rust devil
  8960 | D:8      | Noticed an orange demon
  8966 | D:8      | Found a corrupted altar of Lugonu.
  8968 | D:8      | Identified Hozogeg's Compendium of Glacial Black Arts
  9402 | D:8      | Reached skill level 5 in Invocations
 10163 | D:9      | Identified a scroll of acquirement
 10230 | D:9      | Reached **** piety under Cheibriados
 10241 | D:9      | Found a flagged portal.
 10343 | Bailey   | Entered a bailey
 10357 | Bailey   | Noticed an orc knight
 10364 | Bailey   | Reached skill level 8 in Conjurations
 10365 | Bailey   | Killed an orc knight
 10628 | Bailey   | Found an iron altar of Okawaru.
 10628 | Bailey   | Noticed an orc sorcerer
 10628 | Bailey   | Noticed an orc sorcerer
 10673 | Bailey   | Killed an orc sorcerer
 10686 | Bailey   | Killed an orc sorcerer
 10686 | Bailey   | Reached XP level 11. HP: 47/75 MP: 7/22
 10699 | Bailey   | Noticed an orc knight
 10723 | Bailey   | Killed an orc knight
 10734 | Bailey   | Mangled by an orc warrior

Vault maps used:
D:1:      dpeg_arrival_rhombus, nrook_uturn, serial_bayou_lake_a
D:2:      nicolae_overflow_crystal_walls
D:3:      marbit_many_paths, lemuel_doored_altar
D:4:      minmay_temple_entry_nine_rooms, first_bread
D:5:      kennysheep_little_box, uniq_edmund, uniq_sigmund, uniq_grinder,
          uniq_blork_the_orc
D:6:      uniq_menkaure, uniq_pikel
D:8:      hangedman_pestilent_swarm, lemuel_hellish_altar
D:9:      old_standard_altar, lemuel_round_altar,
          gammafunk_temple_overflow_elements, enter_bailey_3, uniq_gastronok
Temple:   water_room_temple_b_12
Bailey:   bailey_axe_of_yendor_kennysheep, bailey

Action                   |  1- 3 |  4- 6 |  7- 9 | 10-12 || total
-------------------------+-------+-------+-------+-------++-------
Melee: Unarmed           |    13 |       |       |       ||    13
       Dagger            |       |     7 |       |    36 ||    43
       Spear             |       |       |    62 |       ||    62
       Whip              |       |       |     1 |       ||     1
Throw: Javelin           |       |     1 |     6 |     2 ||     9
 Cast: Flame Tongue      |    59 |    90 |   186 |    92 ||   427
       Conjure Flame     |       |     3 |    15 |     6 ||    24
       Sticky Flame      |       |     2 |     8 |    13 ||    23
       Iskenderun's Myst |       |       |    19 |    10 ||    29
       Fireball          |       |       |       |     9 ||     9
Invok: Bend Time         |       |       |       |     1 ||     1
       Slouch            |       |       |       |     2 ||     2
       Temporal Distorti |       |       |       |     1 ||     1
 Abil: Dig               |       |     1 |     2 |       ||     3
  Use: Potion            |       |     2 |     1 |    13 ||    16
       Scroll            |       |     1 |     1 |    10 ||    12
  Eat: Chunk             |     3 |     6 |    19 |     5 ||    33
       Bread ration      |       |     1 |     1 |       ||     2
